 Dungeon Crawl Stone Soup version 0.28-a0-21-gf74fda84f9 (webtiles) character file.

Game seed: 9199452525545828402

427 tilp the Scratcher (level 6, 0/27 HPs)
             Began as a Felid Hedge Wizard on July 26, 2021.
             Was an Initiate of Vehumet.
             Slain by a wyvern (18 damage)
             ... on level 5 of the Dungeon.
             The game lasted 00:14:09 (9455 turns).

tilp the Scratcher (Felid Hedge Wizard)             Turns: 9455, Time: 00:14:09

Health: 0/27       AC:  2    Str:  6    XL:     6   Next: 65%
Magic:  12/20      EV: 18    Int: 18    God:    Vehumet [......]
Gold:   154        SH:  0    Dex: 15    Spells: 6/11 levels left
                                        Lives:  0   Deaths: 1

rFire   + . .      SeeInvis +     - Unarmed
rCold   . . .      Faith    .   (shield unavailable)
rNeg    . . .      Spirit   .   (armour unavailable)
rPois   .          Reflect  .   (helmet unavailable)
rElec   .          Harm     .   (cloak unavailable)
rCorr   .          Rampage  .   (gloves unavailable)
Will    .....                   (boots unavailable)
Stlth   +++.......              (no amulet)
HPRegen 0.09/turn               k - ring of protection from fire
MPRegen 0.17/turn               a - ring of magical power

@: quick
A: very small, claws 1, fangs 3, see invisible, speed 1, shaggy fur 2, stealthy
paws, no weapons or thrown items, no armour, multi-lived
a: Renounce Religion


You were on level 5 of the Dungeon.
You worshipped Vehumet.
Vehumet was noncommittal.
You visited 2 branches of the dungeon, and saw 6 of its levels.

You collected 154 gold pieces.

Inventory:

Jewellery
 a - a ring of magical power (right paw)
 k - a ring of protection from fire (left paw)
 n - a ring of willpower
Wands
 i - a wand of charming (15)
Scrolls
 c - 2 scrolls of immolation
 g - 2 scrolls of summoning
 h - a scroll of holy word
 l - a scroll of magic mapping {unknown}
 m - a scroll of fog {unknown}
Potions
 b - a potion of curing {unknown}
 d - a potion of brilliance
 e - a potion of flight {unknown}
 f - a potion of attraction {unknown}
 j - a potion of might {unknown}


   Skills:
 + Level 2.5 Fighting
 - Level 4.0 Dodging
 - Level 4.0 Stealth
 + Level 4.3 Unarmed Combat
 - Level 3.0 Spellcasting
 - Level 4.0 Conjurations
 - Level 2.0 Summonings
 - Level 1.5 Translocations


You had 6 spell levels left.
You knew the following spells:

 Your Spells              Type           Power      Damage    Failure   Level
a - Magic Dart            Conj           68%        1d6       3%          1
b - Call Imp              Summ           9%         N/A       11%         2
c - Blink                 Tloc           N/A        N/A       13%         2

Your spell library contained the following spells:

 Spells                   Type           Power      Damage    Failure   Level
 Shock                    Conj/Air       36%        1d5       7%          1
 Conjure Flame            Conj/Fire      9%         6-21      22%         3
 Slow                     Hex            2%         N/A       24%         2
 Mephitic Cloud           Conj/Pois/Air  7%         N/A       28%         3
 Ignite Poison            Fire/Tmut/Pois 2%         N/A       43%         3
 Swiftness                Air            2%         N/A       43%         3
 Airstrike                Air            1%         N/A       85%         4
 Bolt of Magma            Conj/Fire/Erth 3%         4d5       95%         5


Dungeon Overview and Level Annotations

Branches:
Dungeon (5/15)             Temple (1/1) D:4

Altars:
Ashenzari
Cheibriados
Dithmenos
Elyvilon
Fedhas
Gozag
Hepliaklqana
Kikubaaqudgha
Makhleb
Nemelex Xobeh
Qazlal
Ru
Sif Muna
Trog
Uskayaw
Vehumet
Wu Jian
Xom
Yredelemnul
Zin
The Shining One

Annotations:
D:2 1 runed translucent door, Crazy Yiuf
D:3 exclusion: adder, Grinder, Ijyb
D:5 exclusion: water moccasin


Innate Abilities, Weirdness & Mutations

You have sharp claws.
You have razor-sharp teeth.
You have supernaturally acute eyesight. (SInv)
You cover ground quickly. (Speed+)
You are covered in thick fur. (AC +2)
Your paws help you pounce on unaware monsters.
You are incapable of wielding weapons or throwing items.
You cannot wear armour.
You gain extra lives every three experience levels.


Message History

Your white imp disappears in a puff of smoke!
Magic restored.
You start resting.
HP restored.
You start waiting.
Done waiting.
You see here a necrophage skeleton.
You see here a hound skeleton.
Found 5 large rocks.
m - a scroll labelled TEMALI HIWOC
n - a ring of willpower
Okay, then.
The wyvern hisses angrily.
A wyvern is nearby!
Unknown command.
The wyvern closely misses you. The wyvern misses you.
Casting: Call Imp (safe; 11% risk of failure)
Confirm with . or Enter, or press ? or * to list all spells.
You blink.
The wyvern closely misses you.
Casting: Blink (safe; 13% risk of failure)
Confirm with . or Enter, or press ? or * to list all spells.
You blink.
Casting: Blink (safe; 13% risk of failure)
Confirm with . or Enter, or press ? or * to list all spells.
You miscast Blink.
You are very lightly contaminated with residual magic.
Nothing appears to happen.
The wyvern barely misses you. The wyvern bites you!
Casting: Blink (safe; 13% risk of failure)
Confirm with . or Enter, or press ? or * to list all spells.
You blink.
Unknown command.
The wyvern misses you.
Your magical contamination has completely faded away.
Casting: Blink (safe; 13% risk of failure)
Confirm with . or Enter, or press ? or * to list all spells.
A beastly little devil appears in a puff of frigid air.
The wyvern misses you. The wyvern bites you!!
Ouch! That really hurt!
You die...

#........# #.#
#.######.# #.#
#.######.# #.#
#........# #.#
#######..##### #.# #
#(........# #.# #
#.........# #.# #
#.........#####.# #
#............@l5#
####.........#######
.............#
####.........#
#.........#
###########


You could see a wyvern (ally target) and a friendly white imp (summoned).

Vanquished Creatures
  A water moccasin (D:5)
  A scorpion (D:5)
  A hound (D:5)
  A bullfrog skeleton (D:4)
  A centaur skeleton (D:4)
  Terence (D:2)
  A howler monkey zombie (D:5)
  5 adders
  4 dart slugs
  4 endoplasms
  A giant cockroach (D:3)
  5 goblins
  2 hobgoblins
  2 jackals (D:1)
  6 kobolds
  A quokka (D:4)
  2 ball pythons
  6 bats
  6 frilled lizards
  6 rats
57 creatures vanquished.

Vanquished Creatures (collateral kills)
  2 necrophages
  A gnoll sergeant (D:5)
  A wyvern skeleton (D:5)
  2 hounds
  Robin (D:2)
  5 adders
  2 worms
  An orc (D:5)
  5 hobgoblins
  5 jackals (D:1)
  2 quokkas
  7 goblins
  3 kobolds (D:2)
37 creatures vanquished.

Grand Total: 94 creatures vanquished

Notes
Turn   | Place    | Note
-------+----------+-------------------------------------------
     0 | D:1      | tilp the Felid Hedge Wizard began the quest for the Orb.
     0 | D:1      | Reached XP level 1. HP: 7/7 MP: 5/5
   321 | D:1      | Reached skill level 1 in Unarmed Combat
   448 | D:1      | Found a faded altar of an unknown god.
   467 | D:1      | Reached XP level 2. HP: 9/12 MP: 7/7
   628 | D:1      | Learned a level 2 spell: Call Imp
   631 | D:1      | Learned a level 2 spell: Blink
  1015 | D:1      | Reached skill level 1 in Fighting
  1743 | D:2      | Reached XP level 3. HP: 6/15 MP: 1/8
  2159 | D:2      | Noticed Robin
  3407 | D:2      | Killed Robin
  3408 | D:2      | Reached XP level 4. HP: 19/19 MP: 0/9
  4015 | D:2      | Found a runed translucent door.
  4016 | D:2      | Noticed Crazy Yiuf
  4045 | D:2      | Noticed Terence
  4050 | D:2      | Killed Terence
  4578 | D:3      | Noticed Grinder
  4739 | D:3      | Noticed Ijyb
  5697 | D:4      | Found a staircase to the Ecumenical Temple.
  5703 | Temple   | Entered the Ecumenical Temple
  5771 | Temple   | Became a worshipper of Vehumet
  5869 | D:4      | Reached skill level 1 in Conjurations
  5965 | D:4      | Reached XP level 5. HP: 21/22 MP: 10/10
  6306 | D:4      | Noticed a necrophage
  6326 | D:4      | Killed a necrophage
  6786 | D:4      | Gained mutation: You are covered in thick fur. (AC +2)
                  | [Felid growth]
  6786 | D:4      | Reached XP level 6. HP: 26/26 MP: 11/11
  7093 | D:5      | Entered Level 5 of the Dungeon
  7093 | D:5      | Noticed a wyvern
  7710 | D:5      | Noticed a water moccasin
  7871 | D:5      | Noticed a water moccasin
  8195 | D:5      | Slain by a wyvern skeleton
  8196 | D:5      | Reached XP level 5. HP: -2/22 MP: 11/19
  8314 | D:5      | Killed a water moccasin
  8315 | D:5      | Reached XP level 6. HP: 10/26 MP: 11/11
  9455 | D:5      | Slain by a wyvern

Illustrated notes

Levels and vault maps discovered:
D:1:      ncdulo_wetmaze, layout_basic, hellmonk_ecumenical_altar_blasted
D:2:      layout_basic, minivault_26, minmay_hexomino_f4, uniq_robin,
          uniq_terence, uniq_crazy_yiuf_cottage
D:3:      layout_loops_ring, uniq_ijyb, uniq_grinder
D:4:      layout_loops_corners, minmay_temple_entry_waves
D:5:      minmay_inner_zag, layout_basic
Temple:   dpeg_three_leaves_temple

Skill      XL: |  1  2  3  4  5  6 |
---------------+-------------------+-----
Unarmed Combat | 1 2 3 4 |  4.3
Fighting       | 1 2 |  2.5
Conjurations   | 1 3 4 |  4.0
Summonings     | 2 |  2.0
Dodging        | 3 4 |  4.0
Stealth        | 3 4 |  4.0
Spellcasting   | |  3.0
Translocations | |  1.5

Action                   |  1- 3 |  4- 6 || total
-------------------------+-------+-------++-------
Melee: Unarmed           |    88 |    98 ||   186
       Bite              |     4 |     5 ||     9
 Cast: Magic Dart        |    18 |     9 ||    27
       Call Imp          |    40 |    85 ||   125
       Blink             |       |     6 ||     6
  Use: Scroll            |     2 |    10 ||    12
       Potion            |       |     2 ||     2
 Stab: Sleeping          |     3 |     7 ||    10
       Distracted        |     1 |     1 ||     2
Armor: Skin              |     4 |     3 ||     7
Dodge: Dodged            |    73 |    81 ||   154

Table legend: (Time is in decaauts)
 A = Elapsed time spent in this place.
 B = Non-inter-level travel time spent in this place.
 C = Inter-level travel time spent in this place.
 D = Time resting spent in this place.
 E = Time spent auto-exploring this place.
 F = Levels seen in this place.
 G = Mean time per level.
                   A        B        C        D        E       F      G
               +--------+--------+--------+--------+--------+-----+--------+
         Total |   8586 |   8248 |    338 |   3818 |   3234 |   6 | 1431.0 |
       Dungeon |   8521 |   8193 |    328 |   3818 |   3183 |   5 | 1704.2 |
        Temple |     65 |     56 |      9 |      0 |     51 |   1 |   65.0 |
               +--------+--------+--------+--------+--------+-----+--------+

Top non-repeatable levels by time:
     D:2: 2397 daAuts
     D:5: 1956 daAuts
     D:1: 1746 daAuts
     D:4: 1418 daAuts
     D:3: 1002 daAuts
  Temple: 65 daAuts
